 Dungeon Crawl Stone Soup version 0.31-a0-574-g69dc8cc98e (webtiles) character file.

Game seed: 13846203652668916485

1666 Xavori the Covert (level 9, -9/59 HPs)
             Began as an Octopode Chaos Knight on Aug 18, 2023.
             Was a Plaything of Xom.
             Mangled by an orc warrior
             ... wielding a +0 halberd
              (13 damage)
             ... on level 9 of the Dungeon.
             The game lasted 00:07:01 (11920 turns).

Xavori the Covert (Octopode Chaos Knight)          Turns: 11920, Time: 00:07:03

Health: -9/59      AC:  7    Str: 11    XL:     9   Next: 1%
Magic:  18/18      EV: 14    Int: 18    God:    Xom [.*....]
Gold:   289        SH:  0    Dex: 16    Spells: 8/8 levels left

rFire   + + .        d - +4 dagger
rCold   . . .        (no shield)
rNeg    . . .        (helmet currently unavailable)
rPois   .            (no amulet)
rElec   .            g - ring of protection from fire
rCorr   +            i - ring "Niodej" {rCorr MP+9 Dex+2}
SInv    +            q - ring of protection from fire
Will    .....        s - ring of flight
Stlth   +++++        (no ring)
HPRegen 0.29/turn    (no ring)
MPRegen 0.16/turn    (no ring)
                     (no ring)

%: clarity
@: beast-form, flying, unable to read
A: beast (slay +3), almost no armour, amphibious, 8 rings, camouflage 1,
gelatinous body 1, (nimble swimmer 1), tentacles, iridescent scales 3, see
invisible, clarity, clever 1, evolution 1, inability to read after injury 2
a: Begin Untransformation, Renounce Religion


You were on level 9 of the Dungeon.
You worshipped Xom.
You were a plaything of Xom.
You were a hulking beast.
You visited 1 branch of the dungeon, and saw 8 of its levels.

You collected 289 gold pieces.

Inventory:

Hand Weapons
 a - a +0 short sword of chaos
 d - a +4 dagger (weapon)
 l - a +1 dagger of protection
 u - a +1 dagger of venom
Armour
 m - the +2 hat of Xeca {rN+}
   (You acquired it on level 5 of the Dungeon)

   rN+:       It protects you from negative energy.
Jewellery
 g - a ring of protection from fire (left tentacle)
 i - the ring "Niodej" (right tentacle) {rCorr MP+9 Dex+2}
   (Xom gifted it to you on level 1 of the Dungeon)

   [ring of magical power]

   Dex+2:     It affects your dexterity (+2).
   MP+9:      It affects your magic capacity (+9).
   rCorr:     It protects you from acid and corrosion.
 o - a ring of willpower
 q - a ring of protection from fire (on tentacle)
 s - a ring of flight (on tentacle)
Talismans
 f - a beast talisman (active)
Scrolls
 b - a scroll of butterflies
 c - a scroll of identify
 h - 6 scrolls of teleportation
 j - a scroll of blinking {unknown}
 n - 2 scrolls of enchant weapon {unknown}
 r - a scroll of silence {unknown}
 x - 2 scrolls of immolation {unknown}
 y - a scroll of enchant armour {unknown}
Potions
 k - a potion of mutation


   Skills:
 + Level 4.6 Fighting
 + Level 5.8 Short Blades
 + Level 3.9 Dodging
 + Level 8.6 Stealth
 * Level 4.9 Shapeshifting


You had 8 spell levels left.
You didn't know any spells.
Your spell library contained the following spells:

 Spells                   Type           Power      Damage    Failure   Level
 Apportation              Tloc           0%         N/A       22%         1
 Necrotise                Necr           0%         1d4       22%         1
 Summon Small Mammal      Summ           0%         N/A       22%         1
 Vampiric Draining        Necr           0%         2d6       54%         3
 Agony                    Necr           0%         N/A       99%         5


Dungeon Overview and Level Annotations

Branches:
Dungeon (9/15)             Temple (0/1) D:4             Orc (0/2) D:9
   Lair: D:8-11

Altars:
Fedhas
Gozag
Makhleb
Nemelex Xobeh


Innate Abilities, Weirdness & Mutations

You are a hulking beast.
Your limbs bulge with bestial killing power. (Slay +3)
You cannot wear most types of armour.
You are amphibious.
You can wear up to eight rings at the same time.
Your skin changes colour to match your surroundings (Stealth+).
Your rubbery body absorbs attacks. (AC +1, EV +1)
((You are camouflaged when in or above water. (Stealth+)))
You have tentacles for arms and can constrict up to eight enemies at once.
You are completely covered in iridescent scales. (AC +6)
You have supernaturally acute eyesight. (SInv)
You possess an exceptional clarity of mind.
Your mind is acute. (Int +4, Str/Dex -1)
You have hidden genetic potential.
You sometimes lose the ability to read scrolls when taking damage.


Message History

The orc priest misses you.
You hit the orc priest.
You squeeze the orc priest, but do no damage.
The orc priest is almost dead.
You constrict the orc priest, but do no damage.
The orc priest hits you but does no damage.
An orc comes into view. It is wielding a +0 club.
The orc priest shouts!
You hit the orc priest.
You kill the orc priest!
The orc priest mumbles some strange prayers to Beogh against you.
Pain shoots through your body!
You feel threatened and lose the ability to read scrolls!
* * * LOW HITPOINT WARNING * * *
You have reached level 9!
Your experience leads to an increase in your attributes!
Your base attributes are Str 12, Int 14, Dex 13.
Increase (S)trength, (I)ntelligence, or (D)exterity?
You feel agile. x2
An orc comes into view. It is wielding a +0 hand axe.
An orc comes into view. It is wielding a +0 flail.
You puncture the orc priest! Your grab misses the orc priest.
The orc priest is heavily wounded.
You barely miss the orc priest. Your grab misses the orc priest.
Your squeeze misses the orc priest.
The orc priest is heavily wounded.
The orc priest invokes the aid of Beogh against you.
Beogh smites you!
* * * LOW HITPOINT WARNING * * *
The orc warrior closely misses you.
An orc comes into view. It is wielding a +0 short sword.
You barely miss the orc priest.
The orc shouts!
Your grab misses the orc priest.
The orc priest is heavily wounded.
The orc priest hits you with a +0 club.
* * * LOW HITPOINT WARNING * * *
The orc warrior hits you from afar with a +0 halberd!
You die...
Xom giggles madly!

#... .#
#.... o##
$o..## o.
...# # >.
##. o# #
o####
#o..###
#h8...#
#...#....
###)# .
...##.#)#
........#
.......##
....#§.
... #..
#. §..


You could see an orc warrior, an orc priest and 3 orcs.

Vanquished Creatures
  A wyvern (D:9)
  Menkaure (D:4)
  An orc warrior (D:4)
  2 ice beasts (D:5)
  A swamp drake (D:5)
  2 phantoms (D:5)
  A bullfrog (D:9)
  2 scorpions (D:4)
  A killer bee (D:9)
  A howler monkey (D:5)
  A crimson imp (D:5)
  4 hounds
  A jelly (D:4)
  4 orc priests
  3 iguanas
  4 orc wizards
  5 adders
  A shadow imp (D:6)
  A white imp (D:5)
  3 worms
  2 dart slugs (D:3)
  13 orcs
  5 bats
  9 endoplasms
  2 giant cockroaches (D:1)
  8 hobgoblins
  3 jackals (D:3)
  6 quokkas
  8 ball pythons
  3 frilled lizards (D:3)
  6 goblins
  9 kobolds
  5 rats
119 creatures vanquished.

Vanquished Creatures (others)
  An orc (D:5)
1 creature vanquished.

Grand Total: 120 creatures vanquished

Notes
Turn   | Place    | Note
-------+----------+-------------------------------------------
     0 | D:1      | Xavori the Octopode Chaos Knight began the quest for the
                  | Orb.
     0 | D:1      | Reached XP level 1. HP: 16/16 MP: 1/1
    92 | D:1      | Reached XP level 2. HP: 19/21 MP: 2/2
   135 | D:1      | XOM: silly message
   193 | D:1      | XOM: divination: magic mapping
   434 | D:1      | Reached XP level 3. HP: 26/26 MP: 3/3
   841 | D:1      | Reached skill level 1 in Stealth
  1546 | D:1      | XOM: 6-stop teleportation journey
  1718 | D:1      | XOM: cloud trail
  1971 | D:1      | XOM: 7-stop teleportation journey
  2197 | D:1      | Identified the ring "Niodej" {rCorr MP+9 Dex+2} (Xom gifted
                  | it to you on level 1 of the Dungeon)
  2197 | D:1      | XOM: god gift: ring "Niodej" {rCorr MP+9 Dex+2}
  2379 | D:1      | XOM: divination: detect items
  3024 | D:1      | XOM: summons 1 hostile demon
  3485 | D:1      | XOM: give mutations
  3485 | D:1      | Gained mutation: You have supernaturally acute eyesight.
                  | (SInv) [Xom's grace]
  3485 | D:1      | Gained mutation: You passively dampen the noise of your
                  | surroundings. [Xom's grace]
  3631 | D:1      | XOM is BORED!
  3898 | D:1      | XOM: divination: detect items
  4280 | D:1      | XOM: give mutation
  4280 | D:1      | Gained mutation: You are partially covered in iridescent
                  | scales. (AC +2) [Xom's grace]
  4946 | D:1      | XOM: stat loss: -1 Str (10/11)
  5877 | D:1      | XOM: silly message
  6116 | D:1      | XOM: give mutations
  6116 | D:1      | Gained mutation: Your magical capacity is low. (-10% MP)
                  | [Xom's mischief]
  6116 | D:1      | Gained mutation: You are agile. (Dex +4, Str/Int -1) [Xom's
                  | mischief]
  6116 | D:1      | Gained mutation: One of your tentacles bears a spike.
                  | [Xom's mischief]
  6116 | D:1      | Gained mutation: You are frail. (-10% HP) [Xom's mischief]
  6262 | D:1      | XOM: summons 1 hostile shadow creature
  6663 | D:1      | XOM: give mutations
  6663 | D:1      | Lost mutation: You are agile. (Dex +4, Str/Int -1) [Xom's
                  | mischief]
  6663 | D:1      | Lost mutation: You are frail. (-10% HP) [Xom's mischief]
  6663 | D:1      | Gained mutation: Your spells are a little easier to cast,
                  | but a little less powerful. [Xom's mischief]
  6663 | D:1      | Gained mutation: Your muscles are strong. (Str +4, Int/Dex
                  | -1) [Xom's mischief]
  7063 | D:1      | XOM: give mutations
  7063 | D:1      | Gained mutation: You occasionally shout uncontrollably at
                  | your foes. [Xom's mischief]
  7063 | D:1      | Gained mutation: You occasionally lose the ability to read
                  | scrolls when taking damage. [Xom's mischief]
  7063 | D:1      | Lost mutation: Your spells are a little easier to cast, but
                  | a little less powerful. [Xom's mischief]
  7433 | D:1      | XOM: torment (14/26 hp)
  7787 | D:1      | XOM is BORED!
  7787 | D:1      | XOM: give mutations
  7787 | D:1      | Lost mutation: You passively dampen the noise of your
                  | surroundings. [Xom's mischief]
  7787 | D:1      | Lost mutation: Your muscles are strong. (Str +4, Int/Dex
                  | -1) [Xom's mischief]
  7787 | D:1      | Gained mutation: Your system is resistant to poisons.
                  | (rPois) [Xom's mischief]
  7787 | D:1      | Gained mutation: You possess an exceptional clarity of
                  | mind. [Xom's mischief]
  7805 | D:2      | XOM: summons 2 hostile demons
  8021 | D:2      | Found a faded altar of an unknown god.
  8051 | D:2      | XOM: summons 1 hostile demon
  8223 | D:2      | XOM: 1-stop teleportation journey
  8697 | D:2      | XOM: summons 2 hostile demons
  8838 | D:3      | XOM: repel stairs
  8844 | D:3      | Reached skill level 2 in Stealth
  8894 | D:3      | Reached XP level 4. HP: 31/31 MP: 3/3
  8964 | D:3      | Found a blossoming altar of Fedhas.
  8979 | D:3      | XOM: give mutations
  8979 | D:3      | Gained mutation: You are mostly covered in iridescent
                  | scales. (AC +4) [Xom's mischief]
  8979 | D:3      | Gained mutation: You have hidden genetic defects. [Xom's
                  | mischief]
  8981 | D:3      | Reached skill level 1 in Shapeshifting
  9051 | D:3      | Gained mutation: Your body sometimes deteriorates upon
                  | taking damage. [hidden defects]
  9223 | D:3      | Found an opulent altar of Gozag.
  9232 | D:3      | Reached skill level 3 in Stealth
  9305 | D:3      | Found a sparkling altar of Nemelex Xobeh.
  9308 | D:3      | Gained mutation: You sometimes lose the ability to read
                  | scrolls when taking damage. [hidden defects]
  9308 | D:3      | Lost mutation: You have hidden genetic defects. [hidden
                  | defects expressed]
  9470 | D:4      | Found a staircase to the Ecumenical Temple.
  9509 | D:4      | Noticed a scorpion
  9517 | D:4      | Killed a scorpion
  9518 | D:4      | Reached XP level 5. HP: 31/36 MP: 4/4
  9685 | D:4      | Reached skill level 4 in Stealth
  9697 | D:4      | Noticed Menkaure
  9707 | D:4      | Killed Menkaure
  9708 | D:4      | Reached XP level 6. HP: 30/43 MP: 5/5
 10183 | D:4      | XOM: scenery: summon butterflies
 10244 | D:4      | XOM: give mutations
 10244 | D:4      | Gained mutation: Your mind is acute. (Int +4, Str/Dex -1)
                  | [Xom's grace]
 10244 | D:4      | Gained mutation: You are completely covered in iridescent
                  | scales. (AC +6) [Xom's grace]
 10258 | D:4      | XOM: noise
 10266 | D:4      | Reached skill level 5 in Stealth
 10338 | D:5      | Entered Level 5 of the Dungeon
 10348 | D:5      | Noticed an orc warrior
 10353 | D:5      | XOM: summons friendly white imp
 10355 | D:5      | XOM: chaos upgrade
 10442 | D:4      | Lost mutation: You are completely covered in iridescent
                  | scales. (AC +6) [potion of mutation]
 10442 | D:4      | Lost mutation: Your system is resistant to poisons. (rPois)
                  | [potion of mutation]
 10442 | D:4      | Lost mutation: Your magical capacity is low. (-10% MP)
                  | [potion of mutation]
 10442 | D:4      | Gained mutation: You have hidden genetic potential. [potion
                  | of mutation]
 10446 | D:4      | Killed an orc warrior
 10447 | D:4      | Reached XP level 7. HP: 23/47 MP: 7/7
 10453 | D:5      | XOM: polymorph orc wizard -> swamp drake
 10522 | D:4      | XOM: give mutations
 10522 | D:4      | Lost mutation: You occasionally shout uncontrollably at
                  | your foes. [Xom's mischief]
 10522 | D:4      | Lost mutation: One of your tentacles bears a spike. [Xom's
                  | mischief]
 10522 | D:4      | Lost mutation: Your body sometimes deteriorates upon taking
                  | damage. [Xom's mischief]
 10620 | D:4      | XOM: butterfly on damage
 10622 | D:4      | Reached skill level 6 in Stealth
 10733 | D:4      | XOM: scenery: 1 doors close
 10918 | D:5      | XOM: potion effect (attraction)
 11083 | D:5      | Reached XP level 8. HP: 49/54 MP: 8/8
 11084 | D:5      | Identified a scroll of acquirement
 11085 | D:5      | Acquired the +2 hat of Xeca {rN+}
 11086 | D:5      | XOM: 1-stop teleportation journey
 11088 | D:5      | Reached skill level 5 in Short Blades
 11088 | D:5      | Reached skill level 7 in Stealth
 11361 | D:5      | Found a burning altar of Makhleb.
 11378 | D:5      | Gained mutation: You are completely covered in iridescent
                  | scales. (AC +6) [hidden potential]
 11391 | D:5      | XOM: potion effect (attraction)
 11726 | D:6      | Reached skill level 8 in Stealth
 11799 | D:6      | You are sucked into a shaft and drop 3 floors!
 11808 | D:9      | XOM: cleaving
 11813 | D:9      | Noticed a wyvern
 11813 | D:9      | Noticed a two-headed ogre
 11816 | D:8      | Noticed a troll
 11825 | D:9      | XOM: summons friendly crimson imp
 11832 | D:9      | XOM: cast spell 'Alistair's Intoxication'
 11832 | D:9      | XOM: butterfly on damage
 11843 | D:9      | Killed a wyvern
 11845 | D:9      | XOM: 6-stop teleportation journey
 11848 | D:9      | XOM: chaos upgrade
 11911 | D:9      | Found a staircase to the Orcish Mines.
 11915 | D:9      | Reached XP level 9. HP: 15/59 MP: 9/9
 11920 | D:9      | Mangled by an orc warrior

Illustrated notes

Levels and vault maps discovered:
D:1:      dpeg_arrival_shrine, layout_basic
D:2:      layout_loops_ring, shapermc_ecumenical_altar_venn
D:3:      cheibrodos_old_hovel, layout_rooms, lemuel_round_altar,
          nemelex_dance_club_becter, fedhas_altar_3, serial_glass,
          glass_columns_a, glass_columns_c, glass_columns_a, glass_columns_a,
          grunt_ministairs_10, chequers_avenue
D:4:      layout_basic, minmay_temple_entry_large_hall, uniq_menkaure
D:5:      layout_rooms, makhleb_grotto_becter, minmay_crossroads
D:6:      cheibrodos_thug_alley, layout_loops_corners, nrook_pool_corridor,
          solitary_fountain, nicolae_shop_i_like_big_books, due_unseen_surprise
D:8:      layout_cave_pods, gammafunk_ghost_split, serial_bayou_lagoon_b
D:9:      layout_cave_pools, hiddenorc2_lemuel

Skill      XL: |  1  2  3  4  5  6  7  8 |
---------------+-------------------------+-----
Stealth        | 2 3 4 5 6 8 |  8.6
Shapeshifting  | 1 2 3 4 |  4.9
Short Blades   | 4 5 |  5.8
Dodging        | 3 |  3.9
Fighting       | 4 |  4.6

Action                     |  1- 3 |  4- 6 |  7- 9 || total
---------------------------+-------+-------+-------++-------
  Melee: Short sword       |    60 |       |       ||    60
         Constrict         |    22 |    22 |    20 ||    64
         Tentacles         |    19 |    17 |    27 ||    63
         Dagger            |    36 |    74 |   109 ||   219
         Kick              |    20 |    30 |     2 ||    52
         Punch             |       |     1 |       ||     1
    Use: Potion            |       |     4 |     6 ||    10
         Scroll            |       |       |     6 ||     6
   Stab: Sleeping          |    14 |    13 |     8 ||    35
 Armour: Skin              |    12 |    11 |    11 ||    34
  Dodge: Dodged            |    35 |    32 |    51 ||   118
   Form: Beast             |     1 |       |       ||     1

Table legend: (Time is in decaauts)
 A = Elapsed time spent in this place.
 B = Non-inter-level travel time spent in this place.
 C = Inter-level travel time spent in this place.
 D = Time resting spent in this place.
 E = Time spent auto-exploring this place.
 F = Levels seen in this place.
 G = Mean time per level.
                   A        B        C        D        E       F      G
               +--------+--------+--------+--------+--------+-----+--------+
         Total |  11834 |  11706 |    128 |   7782 |   3074 |   8 | 1479.2 |
       Dungeon |  11834 |  11706 |    128 |   7782 |   3074 |   8 | 1479.2 |
               +--------+--------+--------+--------+--------+-----+--------+

Top non-repeatable levels by time:
     D:1: 7339 daAuts
     D:2: 1464 daAuts
     D:4: 1411 daAuts
     D:5: 711 daAuts
     D:3: 596 daAuts
     D:6: 216 daAuts
     D:9: 87 daAuts
     D:8: 8 daAuts
